 Dungeon Crawl Stone Soup version 0.30.0-29-ga12c61a403 (webtiles) character file.

Game seed: 6742678786511585663

5238 wingedge the Fighter (level 10, -11/141 HPs)
             Began as a Demigod Wanderer on June 25, 2023.
             Mangled by an orc warrior
             ... wielding a +0 glaive
              (21 damage)
             ... in a bailey.
             The game lasted 00:26:05 (6162 turns).

wingedge the Fighter (Demigod Wanderer)             Turns: 6162, Time: 00:26:05

Health: -11/141    AC: 29    Str: 19    XL:     10   Next: 14%
Magic:  17/17      EV:  2    Int: 26    God:
Gold:   622        SH:  3    Dex: 13    Spells: 6/15 levels left

rFire   . . .        a - +1 war axe
rCold   . . .        L - +0 buckler
rNeg    . . .        d - melded +0 leather armour
rPois   +            (helmet currently unavailable)
rElec   .            r - melded +0 cloak
rCorr   .            F - melded +0 pair of gloves
SInv    .            P - melded +1 pair of boots {Fly}
Will    +....        t - amulet of regeneration
Stlth   ++           h - +6 ring of strength
HPRegen 1.23/turn    Q - +4 ring of protection
MPRegen 0.15/turn

%: no passive effects
@: tree-form, hasted, very quick
A: stationary, stasis, torment immunity, boosted hp, high MP 1, forlorn, divine
attributes
a: no special abilities


You were in a bailey.
You were a tree.
You visited 1 branch of the dungeon, and saw 8 of its levels.
You also visited: Bailey.

You collected 622 gold pieces.

Inventory:

Hand Weapons
 a - a +1 war axe (weapon)
 b - a +0 sling
 x - a +1 hand axe of draining
 C - a +2 hand axe
 O - a +1 scimitar of electrocution
Missiles
 c - a curare-tipped dart
 J - 4 boomerangs (quivered)
 K - 14 poisoned darts
Armour
 d - a +0 leather armour (melded)
 r - a +0 cloak (melded)
 u - a +0 ring mail
 F - a +0 pair of gloves (melded)
 H - an orb of energy
 L - a +0 buckler (worn)
 P - a +1 pair of boots of flying (melded)
Magical Staves
 D - a staff of fire
 G - a staff of cold
Jewellery
 h - a +6 ring of strength (left branch)
 j - a ring of fire
 t - an amulet of regeneration (around neck)
 Q - a +4 ring of protection (right branch)
 R - a +6 ring of strength
Wands
 M - a wand of polymorph (1)
Scrolls
 f - a scroll of silence
 n - a scroll of amnesia
 o - 3 scrolls of vulnerability
 p - 2 scrolls of blinking
 q - a scroll of enchant armour
 v - 3 scrolls of teleportation
 E - 2 scrolls of immolation
Potions
 e - a potion of lignification
 g - 2 potions of mutation
 i - 3 potions of brilliance
 l - a potion of flight
 m - a potion of ambrosia
 s - 2 potions of attraction
 z - 5 potions of haste
 A - 2 potions of berserk rage {unknown}
 I - 2 potions of resistance {unknown}
 N - a potion of invisibility {unknown}


   Skills:
 - Level 10.9 Fighting
 - Level 6.0 Axes
 - Level 4.0 Throwing
 - Level 3.0 Armour
 - Level 1.0 Dodging
 - Level 1.0 Stealth
 - Level 1.0 Unarmed Combat
 - Level 3.0 Spellcasting
 + Level 3.8 Conjurations
 - Level 2.4 Hexes
 - Level 2.3 Summonings
 + Level 1.6 Transmutations
 - Level 5.0 Fire Magic


You had 6 spell levels left.
You knew the following spells:

 Your Spells              Type           Power      Damage    Failure   Level
a - Slow                  Hex            64%        N/A       4%          1
b - Scorch                Fire           58%        2d7       2%          2
c - Mephitic Cloud        Conj/Pois/Air  10%        N/A       22%         3
d - Wereblood             Tmut           12%        N/A       10%         2
e - Beastly Appendage     Tmut           24%        N/A       6%          1

Your spell library contained the following spells:

 Spells                   Type           Power      Damage    Failure   Level
 Magic Dart               Conj           92%        1d7       2%          1
 Call Imp                 Summ           32%        N/A       7%          2
 Flame Wave               Conj/Fire      26%        2d8       21%         4
 Spider Form              Tmut/Pois      8%         N/A       26%         3
 Vhi's Electric Charge    Tloc/Air       6%         N/A       34%         3
 Cause Fear               Hex            8%         N/A       41%         4
 Summon Mana Viper        Hex/Summ       16%        N/A       77%         5
 Arcjolt                  Conj/Air       6%         1d16      83%         5
 Summon Cactus Giant      Summ           8%         N/A       100%        6
 Maxwell's Capacitive Co  Air            1%         ∞         100%        8


Dungeon Overview and Level Annotations

Branches:
Dungeon (8/15)             Temple (0/1) D:6          Bailey (1/1)
   Lair: D:8-11

Annotations:
D:3 2 transporters, booth's ghost, amateur GrRe
D:7 2 transporters, woowoo's ghost, novice DsBe


Innate Abilities, Weirdness & Mutations

You are a tree.
Your roots penetrate the ground, keeping you stationary.
You cannot be teleported.
You are immune to unholy pain and torment.
Your maximum health is greatly increased.
Your equipment is partially melded.
You have an increased reservoir of magic. (+10% MP)
You shall have no god before yourself.
Your divine heritage dramatically boosts your attributes as you level up.


Message History

The orc knight roars a battlecry!
The orc knight goes into a battle-frenzy!
The orc warrior hits you but does no damage. x2
You closely miss the manticore.
The manticore is heavily wounded.
The manticore bites you but does no damage.
The manticore claws you.
* * * LOW HITPOINT WARNING * * *
The manticore claws you but does no damage.
The orc knight hits you but does no damage.
The orc warrior hits you from afar with a +0 spear!
* * * LOW HITPOINT WARNING * * *
The orc warrior hits you from afar with a +0 glaive.
* * * LOW HITPOINT WARNING * * *
You feel better.
The manticore bites you but does no damage.
The manticore claws you but does no damage. x2
The orc knight hits you but does no damage.
The orc warrior hits you but does no damage. x2
You hit the manticore.
The manticore is heavily wounded.
The manticore bites you but does no damage.
The manticore completely misses you. The manticore barely misses you.
The orc knight hits you from afar with a +0 glaive.
* * * LOW HITPOINT WARNING * * *
The orc warrior hits you from afar with a +0 spear.
* * * LOW HITPOINT WARNING * * *
The orc warrior hits you but does no damage.
You slash the manticore!
The manticore is severely wounded.
The manticore bites you.
* * * LOW HITPOINT WARNING * * *
The manticore claws you but does no damage. x2
You feel better.
The orc knight no longer looks unusually strong.
The orc knight roars a battlecry!
The orc knight goes into a battle-frenzy!
The orc knight roars a battlecry!
The orc warrior hits you from afar with a +0 glaive!!
You die...

# ####### ...
########.....## #
....#.....#.....))######
.#..'o!...'...##.)#....#
(..oooH♣..'....8.))....'
.#..'o!!..'...##.)#....#
.)..#.....#.......######
... ########)....## # ##
#######


You could see 3 orc knights, a manticore and 2 orc warriors.

Vanquished Creatures
  Grinder (D:3)
  A steam dragon (D:8)
  2 ice beasts
  A sky beast (D:6)
  2 black bears
  3 orc warriors
  4 ogres
  A centaur (D:7)
  A phantom (D:6)
  2 kobold brigands (D:6)
  A bullfrog (D:7)
  2 scorpions
  6 orc priests
  4 hounds
  A gnoll bouda (D:3)
  An iguana (D:6)
  3 orc wizards
  4 gnolls (D:2)
  12 adders
  A white imp (D:7)
  An ufetubus (D:5)
  2 worms
  3 dart slugs
  52 orcs
  10 endoplasms
  A giant cockroach (D:3)
  3 goblins
  9 hobgoblins
  15 jackals
  4 quokkas
  4 ball pythons
  3 bats (D:3)
  2 frilled lizards
  12 kobolds
  7 rats
181 creatures vanquished.

Notes
Turn   | Place    | Note
-------+----------+-------------------------------------------
     0 | D:1      | wingedge the Demigod Wanderer began the quest for the Orb.
     0 | D:1      | wingedge set off with the following items: a +2 hand axe, a
                  | scroll of teleportation, a +0 scale mail, a potion of heal
                  | wounds.
     0 | D:1      | Reached XP level 1. HP: 17/17 MP: 3/3
    30 | D:1      | Reached skill level 2 in Fighting
   178 | D:1      | Reached XP level 2. HP: 24/25 MP: 4/4
   732 | D:2      | Reached XP level 3. HP: 30/30 MP: 5/5
   892 | D:2      | Reached skill level 1 in Throwing
   896 | D:2      | Reached skill level 3 in Fighting
  1324 | D:2      | Reached XP level 4. HP: 38/38 MP: 6/6
  1490 | D:3      | Found a transporter.
  1522 | D:3      | Found a transporter.
  1575 | D:3      | Noticed booth's ghost (amateur GrRe)
  1736 | D:3      | Noticed Grinder
  1736 | D:3      | Paralysed by Grinder for 4 turns
  1767 | D:3      | Killed Grinder
  1768 | D:3      | Reached skill level 5 in Axes
  1768 | D:3      | Reached XP level 5. HP: 11/45 MP: 7/7
  1832 | D:3      | Got Sif Muna's Directory of the Cunning Stinger
  1849 | D:3      | Reached XP level 6. HP: 51/51 MP: 8/8
  2368 | D:4      | Reached skill level 1 in Spellcasting
  2368 | D:4      | Reached skill level 1 in Summonings
  2437 | D:4      | Reached skill level 1 in Hexes
  2511 | D:4      | Learned a level 1 spell: Slow
  3071 | D:5      | Entered Level 5 of the Dungeon
  3159 | D:5      | Reached XP level 7. HP: 15/58 MP: 11/11
  3254 | D:5      | Reached skill level 4 in Fighting
  3858 | D:6      | Learned a level 2 spell: Scorch
  3977 | D:6      | Reached skill level 1 in Fire Magic
  3986 | D:6      | Reached XP level 8. HP: 59/66 MP: 15/15
  4489 | D:6      | Found a staircase to the Ecumenical Temple.
  4834 | D:7      | Found a transporter.
  5226 | D:7      | Noticed woowoo's ghost (novice DsBe)
  5242 | D:7      | Found a transporter.
  5270 | D:7      | Reached skill level 1 in Conjurations
  5720 | D:8      | Reached skill level 5 in Fire Magic
  5833 | D:8      | Reached XP level 9. HP: 62/71 MP: 5/16
  5903 | D:8      | Learned a level 3 spell: Mephitic Cloud
  5906 | D:8      | Learned a level 2 spell: Wereblood
  5908 | D:8      | Learned a level 1 spell: Beastly Appendage
  5916 | D:8      | Found a flagged portal.
  5925 | Bailey   | Entered a bailey
  6016 | Bailey   | HP: 2/71 [orc warrior/+0 spear (2)]
  6107 | Bailey   | Reached skill level 1 in Transmutations
  6144 | Bailey   | Noticed an orc knight
  6146 | Bailey   | Noticed an orc knight
  6150 | Bailey   | an orc knight changed into a manticore
  6150 | Bailey   | Noticed a manticore
  6152 | Bailey   | Noticed an orc knight
  6155 | Bailey   | Noticed an orc knight
  6156 | Bailey   | Reached skill level 10 in Fighting
  6156 | Bailey   | Reached XP level 10. HP: 18/94 MP: 17/17
  6158 | Bailey   | HP: 4/141 [orc warrior/+0 glaive (5)]
  6161 | Bailey   | HP: 1/141 [manticore (2)]
  6162 | Bailey   | Mangled by an orc warrior

Illustrated notes

Levels and vault maps discovered:
D:1:      grunt_arrival_lava_bath, layout_basic
D:2:      layout_rooms, cheibrodos_gnoll_hut
D:3:      minmay_inner_zag, layout_loops_ring, gammafunk_ghost_mausoleum,
          uniq_grinder
D:4:      layout_loops_ring, minmay_misc_feat_alley, grunt_ministairs_10
D:5:      layout_basic, mainiacjoe_overflow_catwalk, kennysheep_small_spiral
D:6:      layout_rooms, minmay_temple_entry_wispy
D:7:      layout_gridville, nzn_ghost_randoct
D:8:      layout_basic, enter_bailey_2, dreamdust_wishing_well,
          kennysheep_small_circle
Bailey:   bailey_polearm_5, bailey

Skill      XL: |  1  2  3  4  5  6  7  8  9 |
---------------+----------------------------+-----
Fighting       | 2 3 4 10 | 10.9
Throwing       | 1 2 3 4 |  4.0
Axes           | 4 5 6 |  6.0
Armour         | 2 3 |  3.0
Spellcasting   | 1 2 3 |  3.0
Summonings     | 1 2 |  2.3
Hexes          | 1 2 |  2.4
Fire Magic     | 1 5 |  5.0
Conjurations   | 3 |  3.8
Transmutations | 1 |  1.6
Dodging        | |  1.0
Stealth        | |  1.0
Unarmed Combat | |  1.0

Action                     |  1- 3 |  4- 6 |  7- 9 | 10-12 || total
---------------------------+-------+-------+-------+-------++-------
  Melee: Hand axe          |   109 |   139 |       |       ||   248
         War axe           |       |    29 |   212 |     4 ||   245
         Punch             |       |     1 |     2 |       ||     3
         Kick              |       |       |     6 |       ||     6
         Headbutt          |       |       |     4 |       ||     4
   Fire: Sling             |       |    16 |       |       ||    16
  Throw: Boomerang         |     2 |     4 |    34 |       ||    40
         Javelin           |       |    18 |     4 |       ||    22
   Cast: Scorch            |       |       |    30 |       ||    30
         Slow              |       |       |     2 |       ||     2
         Mephitic Cloud    |       |       |     3 |       ||     3
         Beastly Appendage |       |       |     2 |       ||     2
         Wereblood         |       |       |     2 |       ||     2
  Evoke: Wand              |       |       |     4 |       ||     4
    Use: Scroll            |       |    11 |     7 |       ||    18
         Potion            |       |     1 |    11 |     2 ||    14
   Stab: Confused          |       |       |     1 |       ||     1
 Armour: Scale mail        |    51 |       |       |       ||    51
         Ring mail         |     5 |    65 |    69 |       ||   139
         Leather armour    |       |       |    69 |       ||    69
         Skin              |       |       |     9 |    18 ||    27
  Dodge: Dodged            |    61 |    70 |   153 |     2 ||   286
  Block: Buckler           |       |       |    17 |       ||    17
